 Dungeon Crawl Stone Soup version 0.29.1-1-gd02db6906a (webtiles) character file.

Game seed: 9303485158447203382

28 LustLizard the Slasher (level 3, -1/29 HPs)
             Began as a Human Monk on Oct 21, 2022.
             Slain by an ice beast (13 damage)
             ... on level 4 of the Dungeon.
             The game lasted 00:04:09 (1616 turns).

LustLizard the Slasher (Human Monk)                 Turns: 1616, Time: 00:04:10

Health: -1/29      AC:  5    Str: 13    XL:     3   Next: 30%
Magic:  3/3        EV: 11    Int: 10    God:
Gold:   104        SH:  0    Dex: 15    Spells: 2/2 levels left

rFire   . . .      SeeInvis .   a - +0 falchion
rCold   . . .      Faith    .   (no shield)
rNeg    . . .      Spirit   .   l - +0 ring mail
rPois   .          Reflect  .   (no helmet)
rElec   .          Harm     .   (no cloak)
rCorr   .          Rampage  .   (no gloves)
Will    .....                   (no boots)
Stlth   +.........              (no amulet)
HPRegen 0.09/turn               (no ring)
MPRegen 0.08/turn               (no ring)

@: no status effects
A: no striking features
a: no special abilities


You were on level 4 of the Dungeon.
You visited 1 branch of the dungeon, and saw 3 of its levels.

You collected 104 gold pieces.

Inventory:

Hand Weapons
 a - a +0 falchion (weapon)
 e - a +0 sling
Missiles
 h - 11 stones (quivered)
Armour
 b - a +0 robe
 g - a +0 chain mail
 i - a +0 leather armour
 l - a +0 ring mail (worn)
Scrolls
 d - a scroll of immolation {unknown}
 f - a scroll of enchant armour {unknown}
 j - a scroll of enchant weapon {unknown}
 n - a scroll of fear {unknown}
 o - a scroll of teleportation {unknown}
Potions
 c - a potion of ambrosia
 k - a potion of magic {unknown}
 m - 2 potions of heal wounds {unknown}


   Skills:
 + Level 3.4 Fighting
 * Level 3.8 Long Blades
 - Level 3.0 Dodging
 - Level 2.0 Stealth


You had 2 spell levels left.
You didn't know any spells.
Your spell library contained the following spells:

 Spells                   Type           Power      Damage    Failure   Level
 Sandblast                Erth           0%         2d4       63%         1
 Sting                    Tmut/Pois      0%         1d3       63%         1
 Passwall                 Tmut/Erth      0%         N/A       77%         2
 Poisonous Vapours        Pois/Air       0%         N/A       77%         2
 Stone Arrow              Conj/Erth      0%         3d7       94%         3
 Olgreb's Toxic Radiance  Pois           0%         N/A       100%        4


Dungeon Overview and Level Annotations

Branches:
Dungeon (2/15)

Altars:
Ru


Message History

You hit the kobold but do no damage. The kobold barely misses you.
You closely miss the kobold. The kobold barely misses you.
You closely miss the kobold.
The kobold hits you with a +0 short sword.
You hit the kobold.
You kill the kobold!
No target in view!
Things that are here:
a +0 short sword; a kobold corpse You now have 104 gold pieces (gained 4).
There is a stone staircase leading down here.
A sourceless malevolence fills the Dungeon...
You fall into a shaft and drop 2 floors!
The shaft crumbles and collapses.
You hear the sound of rushing water.
There is an entrance to a sewer on this level.
Hurry and find it before the portal rusts away!
Found a dagger.
Okay, then.
Found a robe.
You see here a +0 robe.
An ice beast comes into view.
You throw a stone.
The stone hits the ice beast but does no damage.
You throw a stone. The stone closely misses the ice beast.
You hit the ice beast but do no damage. The ice beast barely misses you.
You hit the ice beast but do no damage.
The ice beast hits you but does no damage.
You hit the ice beast.
The ice beast is lightly wounded.
The ice beast hits you but does no damage.
You hit the ice beast but do no damage.
The ice beast is lightly wounded.
The ice beast hits you. The ice beast freezes you!
You hit the ice beast but do no damage.
The ice beast is lightly wounded.
The ice beast barely misses you.
You hit the ice beast.
The ice beast is moderately wounded.
The ice beast hits you. The ice beast freezes you!
You die...

### .... ..... #####
......################....
........Y@....[...........
......######..............
##### #..........##..
#..........# ##
###......### #.####.# #.#
#.# ..# #.#


You could see an ice beast.

Vanquished Creatures
  A dart slug (D:1)
  2 bats
  2 endoplasms (D:1)
  A giant cockroach (D:2)
  2 goblins (D:1)
  3 hobgoblins
  A jackal (D:1)
  4 kobolds (D:2)
  3 quokkas
  2 ball pythons
  A frilled lizard (D:1)
22 creatures vanquished.

Notes
Turn   | Place    | Note
-------+----------+-------------------------------------------
     0 | D:1      | LustLizard the Human Monk began the quest for the Orb.
     0 | D:1      | Reached XP level 1. HP: 18/18 MP: 1/1
    25 | D:1      | Found a faded altar of an unknown god.
   281 | D:1      | Reached XP level 2. HP: 22/24 MP: 2/2
  1067 | D:2      | Found a sacrificial altar of Ru.
  1153 | D:2      | Reached XP level 3. HP: 24/29 MP: 3/3
  1590 | D:2      | You fall into a shaft and drop 2 floors!
  1605 | D:4      | Noticed an ice beast
  1616 | D:4      | Slain by an ice beast

Illustrated notes

Levels and vault maps discovered:
D:1:      ebering_trefoil_twist, layout_basic, dreamdust_ecumenical_altar_grove,
          chequers_serial_rivers_large_a, serial_bayou_pond_a, st_stairs_7,
          minmay_tromino_v2
D:2:      layout_loops_ring, basic_altar
D:4:      layout_basic, lemuel_crystal_altar, nicolae_sif_muna_little_library,
          cheibrodos_sewer_entry_drain

Action                   || total
-------------------------++-------
Melee: Falchion          ||    72
 Fire: Sling             ||     8
Throw: Stone             ||     2
Armor: Leather armour    ||     3
       Robe              ||     2
       Ring mail         ||     7
Dodge: Dodged            ||    38
